 Dungeon Crawl Stone Soup version 0.31.0-1-g2c135a0 (webtiles) character file.

Game seed: 1543280155464203347

29137 SmeltedSoul the Cruncher (level 13, -37/127 HPs)
             Began as a Gargoyle Fighter on Apr 10, 2024.
             Killed from afar by a merfolk aquamancer (42 damage)
             ... with a shard of ice
             ... on level 1 of the Shoals.
             The game lasted 00:31:33 (10801 turns).

SmeltedSoul the Cruncher (Gargoyle Fighter)        Turns: 10801, Time: 00:31:34

Health: -37/127    AC: 26    Str: 26    XL:     13   Next: 43%
Magic:  13/13      EV:  2    Int:  8    God:
Gold:   1499       SH:  0    Dex:  7    Spells: 12/12 levels left

rFire   + . .        f - +5 quarterstaff of Muomn {vamp, rF+ Str+2 Dex-2}
rCold   . . .        (shield currently unavailable)
rNeg    + . .        v - melded +6 plate armour
rPois   ∞            A - melded +0 helmet
rElec   .            e - melded +0 cloak
rCorr   .            d - melded +0 pair of gloves
SInv    .            B - melded +0 pair of boots
Will    +....        m - amulet of regeneration
Stlth   +            c - +5 ring of evasion
HPRegen 1.21/turn    n - +4 ring of slaying
MPRegen 0.13/turn

%: no passive effects
@: tree-form, very slow
A: stationary, stasis, torment immunity, boosted hp, sickness immunity, AC +9,
negative energy resistance 1, (electricity resistance), torment resistance 1,
petrification resistance, (talons 1), clumsy 1, strong-willed 1
a: no special abilities


You were on level 1 of the Shoals.
You were a tree.
You visited 3 branches of the dungeon, and saw 13 of its levels.

You collected 1499 gold pieces.

Inventory:

Hand Weapons
 f - the +5 quarterstaff of Muomn (weapon) {vamp, rF+ Str+2 Dex-2}
   (You found it on level 2 of the Dungeon)

   Str+2:     It affects your strength (+2).
   Dex-2:     It affects your dexterity (-2).
   rF+:       It protects you from fire.
Missiles
 y - 2 throwing nets
Armour
 d - a +0 pair of gloves (melded)
 e - a +0 cloak (melded)
 v - a +6 plate armour (melded)
 z - a +0 kite shield
 A - a +0 helmet (melded)
 B - a +0 pair of boots (melded)
Jewellery
 c - a +5 ring of evasion (left branch)
 l - a ring of see invisible
 m - an amulet of regeneration (around neck)
 n - a +4 ring of slaying (right branch)
Wands
 h - a wand of paralysis (9)
 k - a wand of flame (61)
Scrolls
 b - 6 scrolls of teleportation
 p - 2 scrolls of immolation
 r - a scroll of blinking
 t - 2 scrolls of identify
Potions
 i - 2 potions of curing
 j - 2 potions of ambrosia
 o - 3 potions of haste
 q - a potion of lignification
 s - a potion of magic
 u - a potion of enlightenment
 x - 2 potions of brilliance
Miscellaneous
 a - a phial of floods (quivered)


   Skills:
 + Level 11.6 Fighting
 + Level 3.2(10.0) Maces & Flails
 + Level 14.5(14.6) Staves
 + Level 13.0 Armour
 + Level 4.0 Dodging
 + Level 1.2 Stealth
 + Level 6.6 Shields


You had 12 spell levels left.
You didn't know any spells.
Your spell library contained the following spells:

 Spells                   Type           Power      Damage    Failure   Level
 Freeze                   Ice            0%         1d3       41%         1
 Sting                    Conj/Alch      0%         1d3       41%         1
 Ensorcelled Hibernation  Hex/Ice        0%         N/A       54%         2
 Mercury Vapours          Alch/Air       0%         N/A       54%         2
 Scorch                   Fire           0%         2d5       54%         2
 Frozen Ramparts          Ice            0%         1d1       78%         3
 Fugue of the Fallen      Necr           0%         N/A       78%         3
 Hailstorm                Conj/Ice       0%         3d5       78%         3
 Anguish                  Hex/Necr       0%         N/A       99%         4
 Flame Wave               Conj/Fire      0%         2d4       99%         4
 Leda's Liquefaction      Alch/Erth      0%         N/A       99%         4
 Olgreb's Toxic Radiance  Alch           0%         N/A       99%         4
 Petrify                  Alch/Erth      0%         N/A       99%         4
 Metabolic Englaciation   Hex/Ice        0%         N/A       100%        5
 Summon Cactus Giant      Summ           0%         N/A       100%        6


Dungeon Overview and Level Annotations

Branches:
Dungeon (10/15)            Temple (0/1) D:5            Lair (2/5) D:9
 Shoals (1/4) Lair:2          Orc (0/2) D:10
  Snake: Lair:2-3    Spider: Lair:2-3

Altars:
Cheibriados
Dithmenos
Elyvilon
Kikubaaqudgha
Makhleb
Nemelex Xobeh
Sif Muna
Uskayaw
Wu Jian
Yredelemnul
Zin
The Shining One

Shops:
D:2 =   D:6 *

Portals:
Trove: D:10 (show abyssal rune of Zot)

Annotations:
D:8 2 transporters


Innate Abilities, Weirdness & Mutations

You are a tree.
Your roots penetrate the ground, keeping you stationary.
You cannot be teleported.
You are immune to unholy pain and torment.
Your maximum health is greatly increased.
Your equipment is partially melded.
You are immune to sickness and miasma.
((Your stone body is resilient. (AC +9)))
You are immune to poison.
You resist negative energy. (rN+)
((You are resistant to electric shocks. (rElec)))
You are resistant to unholy torment.
You are immune to petrification.
((You have sharp toenails.))
You are clumsy. (Dex -2)
You are strong-willed. (Will+)


Message History

You turn into a tree.
Your +0 cloak melds into your body.
Your +0 helmet melds into your body.
Your +0 pair of gloves melds into your body.
Your +0 pair of boots melds into your body.
Your +6 plate armour melds into your body.
Your roots penetrate the ground.
The merfolk aquamancer hits you but does no damage.
The merfolk hits you from afar with a +0 trident!
* * * LOW HITPOINT WARNING * * *
You sock the merfolk aquamancer!
You feel better.
The merfolk aquamancer is lightly wounded.
The merfolk hits you but does no damage.
The merfolk aquamancer hits you with a +0 rapier of draining.
* * * LOW HITPOINT WARNING * * *
You bludgeon the merfolk aquamancer!!
The merfolk aquamancer is heavily wounded.
The merfolk hits you from afar with a +0 trident.
* * * LOW HITPOINT WARNING * * *
The merfolk aquamancer hits you but does no damage.
You closely miss the merfolk aquamancer.
The merfolk aquamancer is heavily wounded.
You barely miss the merfolk aquamancer.
The merfolk aquamancer is heavily wounded.
The merfolk hits you but does no damage.
The merfolk aquamancer hits you with a +0 rapier of draining.
* * * LOW HITPOINT WARNING * * *
You closely miss the merfolk aquamancer.
The merfolk aquamancer is heavily wounded.
You bludgeon the merfolk aquamancer!!
The merfolk aquamancer is severely wounded.
The merfolk hits you from afar with a +0 trident.
* * * LOW HITPOINT WARNING * * *
The merfolk aquamancer hits you but does no damage.
You thump the merfolk aquamancer!
You feel better.
The merfolk aquamancer is almost dead.
The merfolk hits you from afar with a +0 trident!
* * * LOW HITPOINT WARNING * * *
The merfolk aquamancer gestures at you while chanting.
The shard of ice hits you!!!
You die...

~~~~.## ..~~~~~~~~...~..
~~~~..#####..~~~...~~...~~..
~~~~~~~.....~~~~##..~~
~~~~..~~~~~~~~~~....~,
~~....~~~~~~~~~~~...
~~..###~~~~~~~~~... )~..#
#.~~~~~~~m~.
~~..###..~~~~~~~m# .
~~......~~~≈≈≈~~♣#### ...
...##...~~≈≈~~~~~~..##....
#..##....~~≈~~~~~......~~.
>...##....~~~~~~~~.~..~~..
.....#...~~~≈≈~~~......~..~.
~.......~~~~~~~~~......~~~~.
~~~......~~~~~~~~.....###...
~~~........~~~........##....
≈~~~~~...##....##..))......#


You could see a merfolk aquamancer and a merfolk.

Vanquished Creatures
  Fannar (Lair:1)
  A centaur warrior (Shoals:1)
  A two-headed ogre (D:9)
  2 skysharks
  A sea snake (Shoals:1)
  4 harpies (Shoals:1)
  4 fauns (Shoals:1)
  5 elephants (Lair:2)
  A manticore (Shoals:1)
  A merfolk siren (Shoals:1)
  Jeremiah (D:7)
  7 cane toads
  An unseen horror (D:10)
  A rime drake (Lair:1)
  The ghost of Punchie the Trooper, an amateur HOFi of Beogh (D:4)
  A komodo dragon (Lair:1)
  2 merfolk (Shoals:1)
  3 polar bears
  2 trolls
  A wind drake (Shoals:1)
  A snapping turtle (Lair:2)
  3 blink frogs (Lair:1)
  2 vampires
  3 shadows
  A basilisk (Lair:2)
  26 yaks
  6 water elementals
  2 wraiths
  4 vampire mosquitoes (D:10)
  Menkaure (D:4)
  An acid dragon (D:9)
  10 water moccasins
  Duvessa (D:4)
  3 orc warriors
  A hornet zombie (D:6)
  An ice beast (D:7)
  2 sky beasts
  6 ogres
  A black bear (D:5)
  19 wolves
  3 centaurs
  4 kobold brigands
  A phantom (D:6)
  7 bullfrogs
  3 gnoll sergeants
  3 scorpions
  A burial acolyte (D:6)
  A water moccasin zombie (D:6)
  14 wights
  Dowan (D:4)
  8 killer bees (D:9)
  An electric eel (Lair:2)
  4 howler monkeys
  3 bombardier beetles
  4 jellies
  2 orc priests
  2 gnoll boudas
  4 hounds
  4 iguanas
  11 orc wizards
  17 gnolls
  7 adders
  2 shadow imps (D:5)
  2 white imps
  2 ribbon worms
  A dart slug (D:5)
  37 orcs
  8 ball pythons
  5 bats
  5 endoplasms
  3 giant cockroaches
  6 goblins
  5 hobgoblins
  2 jackals (D:4)
  3 quokkas
  4 frilled lizards (D:1)
  27 kobolds
  A rat (D:2)
353 creatures vanquished.

Notes
Turn   | Place    | Note
-------+----------+-------------------------------------------
     0 | D:1      | SmeltedSoul the Gargoyle Fighter began the quest for the
                  | Orb.
     0 | D:1      | Reached XP level 1. HP: 14/14 MP: 1/1
   189 | D:1      | Reached XP level 2. HP: 19/19 MP: 2/2
   856 | D:1      | Gained mutation: You are strong-willed. (Will+) [potion of
                  | mutation]
   856 | D:1      | Gained mutation: You are clumsy. (Dex -2) [potion of
                  | mutation]
   856 | D:1      | Gained mutation: You have sharp toenails. [potion of
                  | mutation]
   932 | D:2      | Reached XP level 3. HP: 23/23 MP: 3/3
  1041 | D:2      | Identified the +0 robe of Gozag's Fury {rElec rPois rC+
                  | Int+2}
  1153 | D:2      | Identified the +5 quarterstaff of Muomn {vamp, rF+ Str+2
                  | Dex-2}
  1254 | D:2      | Found Sibixtei's One-of-a-Kind Rings.
  1524 | D:3      | Reached XP level 4. HP: 29/29 MP: 4/4
  1536 | D:3      | Identified the +2 falchion of Resumed Hostilities {drain,
                  | rF++ rC+ Will+ Int-3}
  1587 | D:3      | Reached XP level 5. HP: 27/33 MP: 5/5
  1589 | D:3      | Reached skill level 1 in Staves
  2044 | D:4      | Reached XP level 6. HP: 39/39 MP: 6/6
  2045 | D:4      | Reached skill level 2 in Staves
  2087 | D:4      | Noticed Menkaure
  2092 | D:4      | Killed Menkaure
  2093 | D:4      | Reached skill level 3 in Staves
  2093 | D:4      | Reached skill level 1 in Dodging
  2197 | D:4      | Found a runed translucent gate.
  2197 | D:4      | Identified the +5 dagger of Heiskess {holy, rElec Stlth+}
  2198 | D:4      | Noticed Punchie's ghost (amateur HOFi)
  2198 | D:4      | Found a runed translucent gate.
  2198 | D:4      | Noticed an orc warrior
  2199 | D:4      | Found a runed translucent gate.
  2299 | D:4      | Noticed a water moccasin
  2306 | D:4      | Killed a water moccasin
  2307 | D:4      | Reached XP level 7. HP: 44/44 MP: 7/7
  2317 | D:4      | Noticed Duvessa
  2318 | D:4      | Noticed Dowan
  2323 | D:4      | Killed Duvessa
  2324 | D:4      | Reached skill level 4 in Staves
  2327 | D:4      | Killed Dowan
  2355 | D:4      | Reached skill level 5 in Staves
  2355 | D:4      | Reached skill level 5 in Armour
  2446 | D:4      | Reached XP level 8. HP: 48/48 MP: 8/8
  2783 | D:4      | Killed Punchie's ghost
  2784 | D:4      | Reached skill level 5 in Fighting
  2795 | D:4      | Reached skill level 6 in Staves
  2796 | D:4      | Reached skill level 5 in Shields
  2985 | D:5      | Entered Level 5 of the Dungeon
  2989 | D:5      | Found a burning altar of Makhleb.
  3204 | D:5      | Found a shimmering blue altar of Sif Muna.
  3321 | D:5      | Reached skill level 7 in Staves
  3321 | D:5      | Reached XP level 9. HP: 54/54 MP: 9/9
  3499 | D:5      | Found a glowing golden altar of the Shining One.
  3771 | D:5      | Found a staircase to the Ecumenical Temple.
  3885 | D:5      | Identified a scroll of acquirement
  3885 | D:5      | Acquired 907 gold pieces
  4012 | D:6      | Found Fosoova's Assorted Antiques.
  4144 | D:6      | Reached skill level 8 in Staves
  4211 | D:6      | Found a transporter.
  4269 | D:6      | Reached skill level 9 in Staves
  4367 | D:6      | Found an ancient bone altar of Kikubaaqudgha.
  4373 | D:6      | Found a basalt altar of Yredelemnul.
  4377 | D:6      | Found a transporter.
  4460 | D:6      | Reached XP level 10. HP: 61/61 MP: 10/10
  4515 | D:6      | Found a shadowy altar of Dithmenos.
  5009 | D:7      | Noticed Jeremiah
  5047 | D:7      | Killed Jeremiah
  5048 | D:7      | Reached skill level 10 in Staves
  5834 | D:8      | Found a transporter.
  5842 | D:8      | Found a transporter.
  5842 | D:8      | Noticed a five-headed hydra
  5843 | D:8      | Noticed a green ugly thing
  5924 | D:8      | Noticed a cyclops
  5926 | D:8      | Found a white marble altar of Elyvilon.
  5928 | D:8      | Found an ornate altar of the Wu Jian Council.
  5929 | D:8      | Noticed a five-headed hydra
  5997 | D:8      | Reached skill level 1 in Stealth
  6095 | D:8      | Reached skill level 11 in Staves
  6472 | D:8      | Reached XP level 11. HP: 67/67 MP: 11/11
  6531 | D:8      | Found a sparkling altar of Nemelex Xobeh.
  7073 | D:9      | Noticed a two-headed ogre
  7084 | D:9      | Killed a two-headed ogre
  7214 | D:9      | Reached skill level 12 in Staves
  7371 | D:9      | Found a staircase to the Lair.
  7642 | D:10     | Entered Level 10 of the Dungeon
  7686 | D:10     | Found a portal to a secret trove of treasure.
  7903 | D:10     | Found a staircase to the Orcish Mines.
  7910 | D:10     | Found a glowing silver altar of Zin.
  8150 | D:10     | Found a hide-covered altar of Uskayaw.
  8151 | D:10     | Found a snail-covered altar of Cheibriados.
  8460 | Lair:1   | Entered Level 1 of the Lair of Beasts
  8489 | Lair:1   | Reached skill level 10 in Armour
  8495 | Lair:1   | Reached skill level 13 in Staves
  8495 | Lair:1   | Reached XP level 12. HP: 75/75 MP: 12/12
  8678 | Lair:1   | Noticed Fannar
  8703 | Lair:1   | Killed Fannar
  8710 | Lair:1   | Identified the ring of Unylanei {rPois Will+++ Str-4 Int-5
                  | SInv}
  9557 | Lair:2   | Noticed a skyshark
  9564 | Lair:2   | Killed a skyshark
  9617 | Lair:2   | Reached skill level 10 in Fighting
  9740 | Lair:2   | Reached skill level 14 in Staves
  9795 | Lair:2   | Found a staircase to the Shoals.
 10412 | Shoals:1 | Entered Level 1 of the Shoals
 10434 | Shoals:1 | Reached XP level 13. HP: 70/83 MP: 13/13
 10790 | Shoals:1 | HP: 4/85 [merfolk aquamancer/shard of ice (39)]
 10800 | Shoals:1 | HP: 4/127 [merfolk/+0 trident[a merfolk aquamancer] (4)]
 10801 | Shoals:1 | Killed from afar by a merfolk aquamancer

Illustrated notes

Levels and vault maps discovered:
D:1:      lightli_arrival_flooded_house, layout_basic
D:2:      layout_loops_ring, nicolae_shop_unique_rings
D:3:      layout_basic, st_stairs_2, corexii_shack
D:4:      layout_gridville, biasface_ghost_orc_armoury,
          nicolae_elevator_lobby_asterisk, uniq_duvessa, uniq_menkaure
D:5:      minmay_angry_zag, layout_loops_ring, general_overflow_altar,
          makhleb_heckhound_becter, tso_altar,
          minmay_temple_entry_enclosed_plants, chequers_serial_rivers_room_a
D:6:      layout_rooms, gammafunk_temple_of_torment,
          nicolae_dithmenos_shadow_blocks, serial_shops,
          nicolae_shop_statue_plus
D:7:      nicolae_cairo_tiling_very_big, layout_loops_ring, grunt_ministairs_11,
          abandoned_shop, uniq_jeremiah
D:8:      layout_basic, nemelex_spade_bored_becter,
          gammafunk_temple_overflow_arena, serial_glass, glass_columns_a,
          glass_columns_a, lightli_orcish_oven
D:9:      minmay_general_purpose_star, layout_basic
D:10:     layout_gridville, mainiacjoe_overflow_six_doors_small,
          gammafunk_temple_overflow_statue, orc_0_dummy, enter_trove_2
Lair:1:   layout_regular_city, uniq_fannar
Lair:2:   layout_hall_layers, minmay_shoals_entry_hut, fungi_pond_lemuel
Shoals:1: layout_shoals, serial_shops, shop

Skill      XL: |  1  2  3  4  5  6  7  8  9 10 11 12 13 |
---------------+----------------------------------------+-----
Fighting       | 4 5 6 7 8 10 11 | 11.6
Armour         | 4 5 7 8 10 12 13 | 13.0
Maces & Flails | 3 |  3.2
Staves         | 1 3 5 7 9 11 13 14 | 14.5
Dodging        | 1 3 4 |  4.0
Shields        | 4 5 6 |  6.6
Stealth        | 1 |  1.2

Action                     |  1- 3 |  4- 6 |  7- 9 | 10-12 | 13-15 || total
---------------------------+-------+-------+-------+-------+-------++-------
  Melee: Flail             |    90 |       |       |       |       ||    90
         Kick              |     9 |     8 |    47 |   201 |       ||   265
         Quarterstaff      |    14 |    63 |   186 |   704 |   152 ||  1119
    Use: Potion            |     3 |       |     2 |     4 |     3 ||    12
         Scroll            |     4 |     1 |     6 |    14 |       ||    25
 Armour: Scale mail        |    66 |    17 |       |       |       ||    83
         Ring mail         |       |    16 |    53 |       |       ||    69
         Plate armour      |       |       |    99 |   806 |   168 ||  1073
         Skin              |       |       |       |       |    12 ||    12
  Dodge: Dodged            |    60 |    24 |    78 |   355 |   106 ||   623
  Block: Buckler           |    14 |       |       |       |       ||    14
         Other             |     1 |    15 |    50 |    56 |       ||   122
         Reflection        |       |       |       |     4 |       ||     4
